 Dungeon Crawl Stone Soup version 0.14-a0-2723-gdc5d926 (webtiles) character file.

1450 Econoterrorist the Grappler (level 8, -3/66 HPs)
             Began as a Ghoul Monk on Feb 19, 2014.
             Shot with an arrow by a centaur (10 damage)
             ... on Level 6 of the Dungeon.
             The game lasted 00:22:50 (4483 turns).

Econoterrorist the Grappler (Ghoul Monk)            Turns: 4483, Time: 00:22:50

HP  -3/66        AC  6     Str 19      XL: 8   Next: 34%
MP   6/6         EV 10     Int 10      God:
Gold 330         SH  0     Dex 13      Spells:  1 memorised,  5 levels left

rFire  . . .     SeeInvis .       - Unarmed
rCold  + . .     Clarity  .     g - +0 orc ring mail
rNeg   + + +     Conserve .     (no shield)
rPois  +         rCorr    .     (no helmet)
rElec  .         rRot     +     r - +0 cloak
SustAb . .       Spirit   .     (no gloves)
rMut   .         Warding  .     (no boots)
Saprov + + +     Stasis   +     k - amulet of stasis
MR     +....                    i - +4 ring of strength
                                l - ring of protection from magic

@: brilliant, rotting, somewhat resistant to hostile enchantments, unstealthy
A: rotting body, claws 1, carnivore 3, cold resistance 1, life protection 3,
poison resistance, saprovore 3, slow healing 1, torment resistance, unbreathing
a: no special abilities


You were on level 6 of the Dungeon.
You were not hungry.

You visited 1 branch of the dungeon, and saw 6 of its levels.

You collected 330 gold pieces.

Inventory:

Missiles
 s - 4 steel darts (quivered)
Armour
 g - a +0 orcish ring mail (worn)
 r - a +0 cloak (worn)
Magical devices
 c - a wand of random effects (6)
 n - a wand of random effects (16)
Comestibles
 q - a rotting chunk of bat flesh
 A - 4 meat rations
Scrolls
 a - a scroll of curse jewellery {unknown}
 d - a scroll of magic mapping {unknown}
 m - a scroll of curse weapon {unknown}
 o - a scroll of curse armour {unknown}
 u - a scroll of identify
 v - a scroll of enchant armour {unknown}
 w - 2 scrolls of enchant weapon I {unknown}
 x - 3 scrolls of remove curse
 y - a scroll of random uselessness {unknown}
 z - a scroll of recharging {unknown}
 F - 2 scrolls of teleportation {unknown}
Jewellery
 i - a +4 ring of strength (right claw)
 k - an amulet of stasis (around neck)
 l - a ring of protection from magic (left claw)
Potions
 b - a potion of magic {unknown}
 e - 3 potions of curing
 f - 2 potions of restore abilities
 h - a potion of speed {unknown}
 j - a potion of brilliance
 p - a potion of mutation {unknown}
 B - a potion of heal wounds
 D - a potion of poison {unknown}
 E - a potion of agility {unknown}
Books
 C - a book of War Chants

   Spells                             Type                      Level
   Fire Brand                         Charms/Fire                  2
   Freezing Aura                      Charms/Ice                   2
   *Shroud of Golubria                Charms/Translocation         2
   Repel Missiles                     Charms/Air                   2
   Poison Weapon                      Charms/Poison                3
   Regeneration                       Charms/Necromancy            3
 I - a book of Flames

   Spells                             Type                      Level
   Flame Tongue                       Conjuration/Fire             1
   Throw Flame                        Conjuration/Fire             2
   Conjure Flame                      Conjuration/Fire             3
   Inner Flame                        Hexes/Fire                   3
   Sticky Flame                       Conjuration/Fire             4
   Fireball                           Conjuration/Fire             5


   Skills:
 + Level 4.0 Fighting
 - Level 1.0 Armour
 + Level 3.2 Dodging
 - Level 2.1 Stealth
 - Level 10.7 Unarmed Combat


You had 5 spell levels left.
You knew the following spells:

 Your Spells              Type           Power        Failure   Level  Hunger
a - Shroud of Golubria    Chrm/Tloc      #.........   10%         2    ###....


Dungeon Overview and Level Annotations

Branches:
Dungeon (6/16)
 Temple: D:4-7

Altars:
Fedhas
Zin
The Shining One


Innate Abilities, Weirdness & Mutations

Your body is rotting away.
You have sharp fingernails.
You are carnivorous and can eat meat at any time.
Your flesh is cold resistant.
You are immune to negative energy.
Your system is resistant to poisons.
You thrive on rotten meat.
You heal slowly when monsters are visible.
You are immune to unholy pain and torment.
You can survive without breathing.


Message History

You hit the orc warrior but do no damage.
The orc warrior is severely wounded.
The orc warrior hits you with an orcish halberd!
* * * LOW HITPOINT WARNING * * *
Evoke which item? (* to show all) (? for menu, Esc to quit)
Zapping:
c - a wand of random effects {zapped: 4}
Press: ? - help, Shift-Dir - straight line, f/p - orc warrior
Aim: an orc warrior, wielding an orcish halberd and wearing an orcish plate armour (severely wounded, bleeding)
You hear a mighty clap of thunder!
The bolt of lightning hits the orc warrior.
You kill the orc warrior!
Your Fighting skill increases to level 4!
Your Dodging skill increases to level 3!
The bolt of lightning hits the centaur.
The centaur is moderately wounded.
The bolt of lightning hits the centaur.
The centaur is severely wounded.
You hear a shout!
The centaur shoots an arrow.
The arrow hits you!
You die...

#.)....# ...##..
#.....
##...#.#######.###
.....#.........#.#
..<........#####.#
..........c.o.(oc#
...........#####)#
...........# #@#
...........# #.#
#.#.######## #.#
#.#.# #.# #.#.#
#.# .
.############.#
#............#
#.############


You could see a centaur and an orc.

Vanquished Creatures
  A hungry ghost (D:5)
  A phantom (D:5)
  An orc warrior (D:6)
  An ogre (D:4)
  An ice beast (D:5)
  2 crimson imps (D:5)
  2 hounds
  2 jellies (D:5)
  Crazy Yiuf (D:2)
  A giant frog skeleton (D:4)
  An orc wizard (D:6)
  6 worker ants
  A scorpion (D:4)
  Terence (D:3)
  8 adders
  A gnoll (D:1)
  A giant mite (D:4)
  A worm (D:2)
  A giant gecko (D:1)
  4 orcs
  9 bats
  6 giant cockroaches
  15 goblins
  16 hobgoblins
  2 jackals (D:2)
  13 kobolds
  A quokka (D:3)
  3 ball pythons
  3 giant newts
  A kobold zombie (D:5)
  14 rats
121 creatures vanquished.

Notes
Turn   | Place    | Note
--------------------------------------------------------------
     0 | D:1      | Econoterrorist, the Ghoul Monk, began the quest for the Orb.
     0 | D:1      | Reached XP level 1. HP: 19/19 MP: 1/1
   301 | D:1      | Reached XP level 2. HP: 16/25 MP: 2/2
   309 | D:1      | Reached skill level 5 in Unarmed Combat
   527 | D:1      | Reached XP level 3. HP: 20/30 MP: 3/3
  1209 | D:2      | Reached skill level 6 in Unarmed Combat
  1209 | D:2      | Reached XP level 4. HP: 33/38 MP: 3/3
  1788 | D:2      | Noticed Crazy Yiuf
  1795 | D:2      | Killed Crazy Yiuf
  1795 | D:2      | Reached skill level 7 in Unarmed Combat
  1795 | D:2      | Reached XP level 5. HP: 20/45 MP: 1/4
  2117 | D:3      | Noticed Terence
  2132 | D:3      | Killed Terence
  2618 | D:4      | Noticed an ogre
  2628 | D:4      | Killed an ogre
  2628 | D:4      | Reached skill level 8 in Unarmed Combat
  2628 | D:4      | Reached XP level 6. HP: 9/51 MP: 5/5
  2694 | D:4      | Found a blossoming altar of Fedhas.
  3172 | D:4      | Learned a level 2 spell: Shroud of Golubria
  3269 | D:4      | Found a glowing golden altar of the Shining One.
  3334 | D:4      | Reached XP level 7. HP: 52/57 MP: 5/5
  3346 | D:4      | Reached skill level 9 in Unarmed Combat
  3691 | D:5      | Entered Level 5 of the Dungeon
  3727 | D:5      | Noticed a hungry ghost
  3735 | D:5      | Killed a hungry ghost
  3883 | D:5      | Reached skill level 10 in Unarmed Combat
  4006 | D:5      | Reached XP level 8. HP: 61/63 MP: 6/6
  4047 | D:5      | Found a glowing silver altar of Zin.
  4213 | D:5      | Reached skill level 1 in Armour
  4483 | D:6      | Shot with an arrow by a centaur

Action                   |  1- 3 |  4- 6 |  7- 9 || total
-------------------------+-------+-------+-------++-------
Melee: Unarmed           |    84 |   179 |    99 ||   362
Throw: Dart              |       |       |     1 ||     1
Evoke: Wand              |       |     1 |     4 ||     5
  Use: Scroll            |       |     5 |       ||     5
       Potion            |       |       |     4 ||     4
 Stab: Sleeping          |     1 |     1 |       ||     2
       Confused          |       |       |     2 ||     2
